Map: Cerulean Fall LE

Players

Lambo - Winner!

  • Race: Zerg Zerg
  • Spawn Location: 7:00

soul

  • Race: Terran Terran
  • League: Grandmaster
  • Spawn Location: 1:00

VOD

Have the link to the VOD?

Description

Time

  • Played on: Jan. 8, 2019, 10:54 a.m.
  • Length: 9:08
Show
View Real Time Build Order
Export as new Build Order

Lambo Zerg - Winner!

Build Orders: Hatch First 

Get SALT Encoding   

  12  0:01  Drone  
  13  0:13  Overlord  
  13  0:17  Drone  
  14  0:32  Drone x2  
  16  0:49  Hatchery  
  15  0:53  Drone  
  16  0:57  Drone  
  16  0:59  Drone  
  18  1:11  Extractor  
  17  1:14  Spawning Pool  
  17  1:17  Drone  
  17  1:20  Drone  
  18  1:29  Drone  
  19  1:40  Drone  
  20  1:51  Drone  
  21  2:01  Queen x2, Zergling x2  
  21  2:02  Zergling x2  
  27  2:14  Hatchery  
  26  2:19  Overlord  
  26  2:22  Drone  
  27  2:25  Drone  
  28  2:31  Metabolic Boost  
  28  2:38  Drone x2  
  28  2:40  Drone  
  31  2:46  Queen  
  33  2:52  Overlord  
  33  2:57  Drone  
  34  2:58  Drone  
  34  3:03  Drone  
  36  3:11  Drone  
  37  3:14  Drone  
  37  3:15  Drone  
  37  3:16  Drone  
  37  3:19  Overlord, Queen  
  42  3:24  Queen  
  42  3:26  Drone  
  45  3:30  Drone x2  
  45  3:32  Drone  
  48  3:37  Queen  
  50  3:44  Overlord  
  50  3:47  Drone  
  51  3:49  Drone  
  51  3:53  Zergling x8  
  56  3:59  Queen  
  58  4:05  Overlord  
  58  4:06  Zergling x2  
  58  4:08  Drone  
  58  4:09  Overlord  
  60  4:10  Drone x2  
  62  4:17  Overlord  
  62  4:19  Drone x3  
  62  4:21  Drone  
  66  4:24  Drone  
  67  4:32  Drone x2, Roach Warren  
  67  4:33  Overlord  
  67  4:35  Lair  
  68  4:39  Overlord  
  68  4:42  Drone  
  68  4:43  Drone x3  
  72  4:46  Overlord  
  72  4:52  Extractor  
  71  4:53  Extractor  
  71  4:57  Overlord  
  71  4:59  Spore Crawler  
  69  5:00  Spore Crawler  
  69  5:01  Queen, Spore Crawler  
  69  5:05  Zergling x2  
  70  5:08  Drone x5  
  70  5:13  Drone  
  70  5:14  Drone x3  
  79  5:18  Roach x2  
  79  5:20  Queen  
  85  5:22  Drone  
  85  5:26  Overlord  
  86  5:28  Drone x2  
  86  5:31  Evolution Chamber  
  85  5:36  Drone  
  85  5:37  Drone x2  
  85  5:40  Drone x2  
  87  5:47  Drone x5  
  87  5:48  Overlord  
  91  5:50  Extractor  
  91  5:56  Spire  
  88  5:57  Extractor  
  88  6:00  Drone x6  
  88  6:01  Extractor  
  88  6:03  Glial Reconstitution  
  92  6:08  Spore Crawler  
  92  6:09  Queen  
  93  6:11  Drone, Zerg Missile Weapons Level 1  
  94  6:19  Overlord  
  94  6:23  Drone x6  
  100  6:30  Overlord  
  100  6:32  Overlord  
  100  6:36  Overlord  
  94  6:51  Overlord  
  92  7:00  Overlord  
  90  7:05  Overlord  
  90  7:10  Roach x2  
  90  7:11  Roach x7  
  90  7:14  Corruptor  
  90  7:15  Corruptor x4  
  118  7:21  Corruptor x2  
  122  7:24  Queen x2  
  122  7:29  Corruptor x2  
  128  7:33  Corruptor  
  132  7:40  Roach x4  
  140  7:46  Roach x3  
  140  7:49  Ravager x2  
  148  7:58  Roach x5  
  158  8:04  Roach x4  
  164  8:09  Roach x2  
  164  8:12  Ravager  
  167  8:20  Roach, Zergling x16  
  167  8:23  Roach  
  167  8:25  Ravager  
  178  8:29  Roach  
  178  8:31  Roach  
  178  8:32  Ravager  
  183  8:34  Zergling x6  
  183  8:41  Roach  
  185  8:43  Zergling x2  
  185  8:45  Overlord  
  185  8:46  Overlord  
  185  8:49  Overlord  
Show
View Real Time Build Order
Export as new Build Order

soul Terran 

Build Orders: Gas First Reaper Expand, Hellion Opening 

Get SALT Encoding   

  12  0:00  SCV  
  13  0:13  SCV  
  14  0:17  Supply Depot  
  14  0:25  SCV  
  15  0:29  Refinery  
  15  0:39  SCV  
  16  0:44  Barracks  
  16  0:51  SCV  
  17  1:03  SCV  
  18  1:17  SCV  
  19  1:31  Reaper  
  20  1:36  Orbital Command  
  20  1:44  Command Center  
  20  1:55  Factory  
  20  2:02  SCV  
  20  2:07  Barracks Reactor  
  21  2:14  SCV, Refinery  
  22  2:19  Supply Depot  
  22  2:26  SCV  
  23  2:40  SCV  
  24  2:45  Starport  
  24  2:50  Hellion x2  
  28  2:53  SCV  
  28  2:56  Orbital Command  
  29  3:03  Marine  
  29  3:05  SCV  
  33  3:13  Hellion x2  
  33  3:17  SCV  
  36  3:21  Marine  
  36  3:24  Fusion Core  
  37  3:28  SCV  
  37  3:29  SCV  
  39  3:39  Supply Depot  
  39  3:40  SCV  
  40  3:41  SCV  
  40  3:43  Hellion  
  40  3:48  Starport Tech Lab, Hellion  
  45  3:52  SCV  
  45  3:53  Refinery  
  46  3:57  Supply Depot  
  46  4:01  SCV  
  47  4:04  SCV  
  48  4:14  Battlecruiser  
  54  4:19  SCV x2  
  56  4:31  SCV x2  
  58  4:39  Weapon Refit  
  58  4:43  SCV  
  58  4:44  Command Center  
  59  4:46  SCV  
  59  4:52  Supply Depot  
  60  4:55  SCV  
  60  4:58  SCV  
  60  4:59  Refinery  
  62  5:00  Supply Depot  
  62  5:13  SCV x2  
  64  5:18  Battlecruiser  
  70  5:25  SCV x2  
  74  5:28  Factory, Hellion  
  74  5:29  Hellion  
  76  5:38  SCV x2  
  76  5:42  Factory, Armory  
  78  5:48  Barracks Tech Lab  
  78  5:50  Hellion  
  78  5:52  Supply Depot  
  78  5:56  SCV x2  
  80  5:57  Orbital Command  
  80  6:06  Hellion  
  80  6:08  SCV x2  
  84  6:18  Supply Depot  
  84  6:19  Orbital Command  
  84  6:20  SCV, Mag-Field Accelerator  
  84  6:22  Factory  
  84  6:23  Factory  
  84  6:25  SCV  
  86  6:31  Factory Tech Lab  
  86  6:32  SCV, Hellion  
  89  6:37  SCV  
  90  6:40  Supply Depot  
  90  6:42  Supply Depot  
  90  6:44  SCV  
  90  6:46  SCV  
  92  6:49  SCV  
  93  6:54  Supply Depot  
  93  6:55  Supply Depot  
  93  6:56  SCV, Cyclone  
  93  6:58  SCV, Hellion  
  100  7:03  Terran Vehicle And Ship Armor Level 1  
  100  7:05  Factory Tech Lab  
  100  7:06  Factory Reactor  
  100  7:07  SCV  
  101  7:12  Hellion, Cyclone  
  101  7:13  SCV  
  108  7:17  Refinery  
  108  7:19  SCV  
  108  7:20  Refinery  
  108  7:23  Supply Depot  
  108  7:24  Supply Depot  
  108  7:27  SCV x2  
  110  7:32  Cyclone x2  
  110  7:33  Hellion  
  110  7:36  SCV  
  119  7:40  SCV, Starport Reactor  
  120  7:44  Cyclone  
  120  7:45  Hellion x2  
  120  7:47  Infernal Pre-Igniter  
  120  7:50  Supply Depot  
  120  7:51  SCV, Supply Depot  
  128  8:04  SCV, Cyclone  
  128  8:05  Hellion, Cyclone  
  137  8:13  Hellion  
  137  8:16  Cyclone  
  138  8:20  Command Center  
  138  8:24  Hellion  
  140  8:27  Armory  
  140  8:29  Hellion, Engineering Bay  
  140  8:33  Hellion  
  144  8:36  Cyclone  
  150  8:41  SCV  
Tags
 
Add a new tag
Caveats
  • Supply blocks, unpowered buildings, or Contaminate may cause inaccurate times.
  • Supply counts are checked every 10 seconds.